cohdb
Replays
Latest Replays
All Replays
Popular Replays
Top Player Replays
Match Explorer
How It Works
Community
CoH3 Stats
Reddit
Sign in to upload your games and track your stats! →
Sign in with Steam
Match 44665959
Unlisted
Match 44665959
Overview
Messages
Build Orders
End
Construct Barracks
Scout Squad
Riflemen Squad
Riflemen Squad
Construct Medical Station
Grenade Package
Construct Weapon Support Center
Mechanized Support Center
Selects Special Operations Battlegroup
Selects M29 Weasel with M1 Pack Howitzer
M29 Weasel with M1 Pack Howitzer
Selects Mark Vehicle
Selects UNKNOWN (2162291)
M1919 Machine Gun Team
Engineer Squad
Construct Tank Depot
Selects Raiding Flares
M4A1 Sherman Whizbang
Arges
Serial Chiller
Lit Dude
sq04010
RATDANCESUIT
P Guard
Fox Trap
452 saoye
0
0
Comments
sign in to comment!
No comments posted yet!